 Dungeon Crawl Stone Soup version 0.28-a0-1147-gc7b72d3202 (webtiles) character file.

Game seed: 826322976789589009

4340 ChaosChampion the Thaumaturge (level 10, -10/50 HPs)
             Began as a Deep Elf Conjurer on Dec 14, 2021.
             Mangled by Maurice (17 damage)
             ... on level 9 of the Dungeon.
             The game lasted 00:22:43 (10474 turns).

ChaosChampion the Thaumaturge (Deep Elf Conjurer)  Turns: 10474, Time: 00:22:44

Health: -10/50     AC:  6    Str:  8    XL:     10   Next: 12%
Magic:  13/25      EV: 11    Int: 28    God:
Gold:   0          SH:  0    Dex: 13    Spells: 12/28 levels left

rFire   . . .      SeeInvis .   x - +11 falchion "Xatsu" {protect, Str+4}
rCold   . . .      Faith    .   (no shield)
rNeg    . . .      Spirit   .   c - +0 troll leather armour
rPois   .          Reflect  .   (no helmet)
rElec   .          Harm     .   (no cloak)
rCorr   .          Rampage  .   j - +0 pair of gloves
Will    +....                   w - +0 pair of boots
Stlth   ++........              (no amulet)
HPRegen 0.96/turn               (no ring)
MPRegen 0.19/turn               (no ring)

@: lethally poisoned (-10 -> -13)
A: no striking features
a: no special abilities


You were on level 9 of the Dungeon.
You visited 2 branches of the dungeon, and saw 10 of its levels.
You also visited: Sewer.

You collected 33 gold pieces.
You spent 33 gold pieces at shops.

Inventory:

Hand Weapons
 x - the +11 falchion "Xatsu" (weapon) {protect, Str+4}
   (You took it off an orc on level 7 of the Dungeon)

   It grants its wielder temporary protection when it strikes (+7 to AC).
   Str:       It affects your strength (+4).
Missiles
 d - 24 poisoned darts (quivered)
Armour
 c - a +0 troll leather armour (worn)
 j - a +0 pair of gloves (worn)
 o - the +0 robe of the Four Artisans {-Tele Fly rF++ rN+}
   (You found it on level 8 of the Dungeon)

   rF:        It greatly protects you from fire.
   rN:        It protects you from negative energy.
   Fly:       It grants you flight.
   -Tele:     It prevents most forms of teleportation.
 w - a +0 pair of boots (worn)
Wands
 r - a wand of acid (15)
Scrolls
 f - 3 scrolls of teleportation
 l - 2 scrolls of enchant armour
 m - a scroll of fear
 n - a scroll of acquirement
 p - a scroll of enchant weapon
 s - a scroll of noise
 y - 2 scrolls of silence
Potions
 b - 5 potions of degeneration
 e - 3 potions of brilliance
 g - a potion of lignification
 h - a potion of curing
 i - a potion of heal wounds
 k - 2 potions of mutation
 t - a potion of cancellation


   Skills:
 - Level 2.4 Dodging
 - Level 2.4 Stealth
 + Level 9.7 Spellcasting
 + Level 8.0 Conjurations
 * Level 7.6 Summonings
 - Level 6.0 Translocations
 * Level 7.6 Earth Magic


You had 12 spell levels left.
You knew the following spells:

 Your Spells              Type           Power      Damage    Failure   Level
a - Magic Dart            Conj           100%       1d8       1%          1
b - Iron Shot             Conj/Erth      27%        9d6       36%         6
c - Iskenderun's Battles  Conj           55%        2d11      6%          5
d - Iskenderun's Mystic   Conj/Tloc      52%        2d11      3%          4

Your spell library contained the following spells:

 Spells                   Type           Power      Damage    Failure   Level
 Call Imp                 Summ           54%        N/A       1%          2
 Searing Ray              Conj           100%       2d8       1%          2
 Dazzling Flash           Conj/Hex       72%        N/A       3%          3
 Mephitic Cloud           Conj/Pois/Air  28%        N/A       6%          3
 Fulminant Prism          Conj/Hex       18%        3d11      12%         4
 Spellforged Servitor     Conj/Summ      27%        N/A       90%         7


Dungeon Overview and Level Annotations

Branches:
Dungeon (9/15)             Temple (1/1) D:5           Sewer (visited)
   Lair: D:8-11         Orc: D:9-12

Altars:
Ashenzari
Cheibriados
Dithmenos
Elyvilon
Fedhas
Gozag
Hepliaklqana
Makhleb
Nemelex Xobeh
Qazlal
Ru
Sif Muna
Trog
Uskayaw
Wu Jian
Xom
Yredelemnul
Zin
The Shining One

Shops:
D:3 [   D:8 **

Annotations:
D:9 Maurice


Message History

Something steals 5 of your 29 poisoned darts!
You are lethally poisoned!
You feel much better.
You feel very sick. Something hits you!
* * * LOW HITPOINT WARNING * * *
Something groans, "What are you, a monk?"
You are more poisoned.
You feel better. Something completely misses you.
You feel better.
You hear a zap.
Something tries to affect you, but you resist.
Something hits you!
* * * LOW HITPOINT WARNING * * *
Something grunts, "Curses!"
You are poisoned.
There is a stone staircase leading up here.
Casting: Iron Shot (extremely dangerous; 36% risk of failure)
Confirm with . or Enter, or press ? or * to list all spells.
You can't see any susceptible monsters within range! (Use Z to cast anyway.)
Casting: Iron Shot (extremely dangerous; 36% risk of failure)
Confirm with . or Enter, or press ? or * to list all spells.
Really blast near your troll, howler monkey zombie and orc warrior?
You erupt in a blast of force!
The mystic blast hits something.
The mystic blast hits your troll!
Your troll is moderately wounded.
Your troll is knocked back by the mystic blast.
The mystic blast hits your orc warrior.
Your orc warrior is lightly wounded.
Your orc warrior is knocked back by the mystic blast.
The mystic blast hits your howler monkey zombie!
Your howler monkey zombie is heavily damaged.
Your howler monkey zombie is knocked back by the mystic blast.
Your howler monkey zombie dissolves into shadows!
Your orc warrior dissolves into shadows!
Your troll dissolves into shadows!
You feel very sick.
You feel very sick. Something hits you!
You die...

#######################
.......................
................)......
#####..........)..####
#....##########
#@*.........
#...........
#....####### ###..#
#..# #..# #..# #..#


You could see a friendly battlesphere.

Vanquished Creatures
  Joseph (D:7)
  A kobold demonologist (D:6)
  A troll (D:8)
  A wyvern (D:8)
  4 yaks (D:6)
  Duvessa (D:7)
  A water moccasin (D:5)
  An ice beast (D:7)
  2 orc warriors
  A sky beast (D:7)
  An ogre (D:5)
  A centaur (D:7)
  2 bullfrogs (D:8)
  A scorpion (D:7)
  A water moccasin zombie (D:5)
  A water moccasin skeleton (D:4)
  5 killer bees (D:7)
  Dowan (D:7)
  5 wights (D:8)
  6 howler monkeys
  2 jellies
  3 bullfrog zombies (D:7)
  6 orc priests
  A gnoll shaman (D:6)
  2 hounds
  3 iguanas
  6 orc wizards
  A killer bee zombie (D:6)
  A howler monkey skeleton (D:4)
  11 adders
  11 gnolls
  3 river rats (Sewer)
  A shadow imp (D:5)
  An adder skeleton (D:4)
  4 worms
  7 dart slugs
  16 orcs
  12 ball pythons
  3 bats
  7 endoplasms
  2 giant cockroaches
  11 goblins
  10 hobgoblins
  3 jackals (D:2)
  4 quokkas
  8 frilled lizards
  10 kobolds
  2 rats
189 creatures vanquished.

Notes
Turn   | Place    | Note
-------+----------+-------------------------------------------
     0 | D:1      | ChaosChampion the Deep Elf Conjurer began the quest for the
                  | Orb.
     0 | D:1      | Reached XP level 1. HP: 10/10 MP: 6/6
   183 | D:1      | Reached XP level 2. HP: 15/15 MP: 6/8
   210 | D:1      | Learned a level 2 spell: Searing Ray
   218 | D:1      | Found a faded altar of an unknown god.
   384 | D:1      | Reached skill level 4 in Spellcasting
   739 | D:1      | Reached XP level 3. HP: 19/19 MP: 7/10
  1398 | D:2      | Reached skill level 5 in Spellcasting
  1435 | D:2      | Reached skill level 5 in Conjurations
  1650 | D:2      | Reached XP level 4. HP: 24/24 MP: 10/13
  2140 | D:3      | Found Juise's Antique Armour Shop.
  2711 | D:3      | Reached skill level 6 in Spellcasting
  3102 | D:3      | Found an ornate altar of the Wu Jian Council.
  3102 | D:3      | Found a burning altar of Makhleb.
  3170 | D:3      | Found a white marble altar of Elyvilon.
  3376 | D:4      | Reached XP level 5. HP: 28/28 MP: 10/15
  3512 | D:4      | Found a glowing drain.
  3562 | Sewer    | Entered a sewer
  4108 | D:4      | Reached skill level 7 in Spellcasting
  4116 | D:4      | Reached XP level 6. HP: 23/32 MP: 4/18
  4211 | D:4      | Learned a level 5 spell: Iskenderun's Battlesphere
  4216 | D:4      | Learned a level 4 spell: Iskenderun's Mystic Blast
  4223 | D:4      | Learned a level 6 spell: Iron Shot
  4550 | D:4      | Reached skill level 1 in Summonings
  4550 | D:4      | Reached skill level 1 in Translocations
  4550 | D:4      | Reached skill level 1 in Earth Magic
  4619 | D:4      | Found a shimmering altar of Xom.
  4650 | D:4      | Found a shimmering altar of Xom.
  4650 | D:4      | Found a shimmering altar of Xom.
  4651 | D:4      | Found a shimmering altar of Xom.
  4653 | D:4      | Found a shimmering altar of Xom.
  5000 | D:5      | Entered Level 5 of the Dungeon
  5236 | D:5      | Found a sacrificial altar of Ru.
  5370 | D:5      | Reached XP level 7. HP: 36/36 MP: 6/19
  6096 | D:5      | Found a staircase to the Ecumenical Temple.
  6145 | Temple   | Entered the Ecumenical Temple
  6233 | D:6      | Noticed a kobold demonologist
  6239 | D:6      | Killed a kobold demonologist
  6240 | D:6      | Reached XP level 8. HP: 39/41 MP: 10/21
  6334 | D:6      | Reached skill level 8 in Spellcasting
  6611 | D:6      | Found a hazy altar of Hepliaklqana.
  7391 | D:6      | Reached skill level 5 in Earth Magic
  7532 | D:6      | Reached skill level 5 in Summonings
  7532 | D:6      | Reached skill level 5 in Translocations
  7943 | D:6      | You fall into a shaft and drop 1 floor!
  7946 | D:7      | Reached XP level 9. HP: 45/45 MP: 15/23
  8132 | D:7      | Identified the +11 falchion "Xatsu" {protect, Str+4}
  8171 | D:7      | Noticed Duvessa
  8204 | D:7      | Killed Duvessa
  8453 | D:7      | Noticed Dowan
  8461 | D:7      | Killed Dowan
  8963 | D:7      | Reached skill level 9 in Spellcasting
  9096 | D:7      | Noticed Joseph
  9108 | D:7      | Killed Joseph
  9422 | D:7      | Identified a scroll of acquirement
  9442 | D:8      | Noticed a troll
  9520 | D:8      | Killed a troll
  9827 | D:8      | Reached XP level 10. HP: 50/50 MP: 16/25
  9900 | D:8      | Found Zaduzyug's Assorted Antiques.
  9909 | D:8      | Bought a scroll labelled ARPHIPHI TABLECH for 33 gold
                  | pieces
  9942 | D:8      | Found Ipneal's Assorted Antiques.
  9958 | D:8      | Found a sparkling altar of Nemelex Xobeh.
  9958 | D:8      | Found an opulent altar of Gozag.
  9960 | D:8      | Identified the +0 robe of the Four Artisans {-Tele Fly rF++
                  | rN+}
 10232 | D:8      | Found a stormy altar of Qazlal.
 10444 | D:9      | Noticed Maurice
 10468 | D:9      | HP: 2/50 [something (6)]
 10474 | D:9      | Mangled by Maurice

Illustrated notes

Levels and vault maps discovered:
D:1:      psy_arrival_radial02, layout_rooms, ebering_ecumenical_altar_rust
D:2:      layout_loops_ring
D:3:      layout_basic, nicolae_elyvilon_temple_path,
          gammafunk_temple_overflow_elements, serial_shops,
          nicolae_shop_hallway_stairs, minmay_misc_feat_four_crosses
D:4:      layout_basic, xom_redecorated, portal_sewer_entry_c
D:5:      layout_basic, mainiacjoe_overflow_catwalk, minmay_temple_entry_hall,
          minmay_stone_trees_large
D:6:      layout_gridville, mainiacjoe_overflow_six_doors_small,
          hangedman_decor_peaks_small
D:7:      layout_rooms, eino_jars, uniq_duvessa, uniq_joseph
D:8:      layout_rooms, grunt_temple_overflow_opulence,
          mainiacjoe_overflow_surrounded_room, vehumet_statue, serial_shops,
          shop, shop_fountains, minmay_misc_feat_tiny, uniq_grum
D:9:      layout_small_grid, okawaru_metal_pillars_1_2,
          minmay_orc_entry_temple_small, special_room [special_room_orc],
          minmay_statue_crystal_thing, uniq_maurice
Temple:   eino_temple_lava

Skill      XL: |  1  2  3  4  5  6  7  8  9 10 |
---------------+-------------------------------+-----
Spellcasting   | 4 5 6 7 8 9 |  9.7
Conjurations   | 5 6 7 8 |  8.0
Summonings     | 1 3 5 7 |  7.6
Translocations | 1 3 5 6 |  6.0
Earth Magic    | 1 3 5 7 |  7.6
Dodging        | |  2.4
Stealth        | |  2.4

Action                   |  1- 3 |  4- 6 |  7- 9 | 10-12 || total
-------------------------+-------+-------+-------+-------++-------
Melee: Unarmed           |       |       |     1 |       ||     1
       Falchion          |       |       |       |     1 ||     1
 Cast: Magic Dart        |    81 |    87 |    93 |    22 ||   283
       Searing Ray       |     6 |    37 |    38 |     1 ||    82
       Iskenderun's Myst |       |     2 |    12 |     3 ||    17
       Iskenderun's Batt |       |       |    25 |     4 ||    29
       Iron Shot         |       |       |       |     1 ||     1
  Use: Scroll            |       |     4 |    11 |     5 ||    20
       Potion            |       |       |     5 |     5 ||    10
Armor: Robe              |       |     6 |     3 |       ||     9
       Troll leather arm |       |       |       |     2 ||     2
Dodge: Dodged            |     1 |    11 |    24 |     2 ||    38

Table legend: (Time is in decaauts)
 A = Elapsed time spent in this place.
 B = Non-inter-level travel time spent in this place.
 C = Inter-level travel time spent in this place.
 D = Time resting spent in this place.
 E = Time spent auto-exploring this place.
 F = Levels seen in this place.
 G = Mean time per level.
                   A        B        C        D        E       F      G
               +--------+--------+--------+--------+--------+-----+--------+
         Total |  10536 |  10332 |    204 |   1985 |   6724 |  11 |  957.8 |
       Dungeon |   9887 |   9683 |    204 |   1985 |   6199 |   9 | 1098.6 |
        Temple |     78 |     78 |      0 |      0 |     67 |   1 |   78.0 |
         Sewer |    570 |    570 |      0 |      0 |    457 |   1 |  570.0 |
               +--------+--------+--------+--------+--------+-----+--------+

Top non-repeatable levels by time:
     D:6: 1627 daAuts
     D:4: 1551 daAuts
     D:7: 1352 daAuts
     D:3: 1216 daAuts
     D:2: 1124 daAuts
     D:5: 1123 daAuts
     D:1: 1015 daAuts
     D:8: 834 daAuts
   Sewer: 570 daAuts
  Temple: 78 daAuts
     D:9: 41 daAuts
